 Dungeon Crawl Stone Soup version 0.23.0 (webtiles) character file.

Game seed: 12941633121621310290

2570 Borgoz the Covert (level 9, -2/81 HPs)
             Began as a Kobold Assassin on Feb 16, 2019.
             Slain by an orc warlord
             ... wielding a +0 war axe
              (6 damage)
             ... in a bailey.
             The game lasted 00:19:53 (6911 turns).

Borgoz the Covert (Kobold Assassin)                 Turns: 6911, Time: 00:19:53

Health: -2/81      AC: 24    Str:  8    XL:     9   Next: 87%
Magic:  9/9        EV:  3    Int: 12    God:
Gold:   487        SH:  0    Dex: 20    Spells: 8/8 levels left

rFire    . . .     SeeInvis .   a - +3 dagger (venom)
rCold    . . .     Gourm    .   (shield restricted)
rNeg     + + +     Faith    .   (armour currently unavailable)
rPois    +         Spirit   .   (helmet currently unavailable)
rElec    .         Reflect  .   (cloak currently unavailable)
rCorr    .         Harm     .   (gloves currently unavailable)
MR       +....     NoTele   +   (boots currently unavailable)
Stlth    ++++++....             (no amulet)
HPRegen  0.23/turn              o - ring of protection from magic
MPRegen  0.11/turn              C - ring of stealth

@: tree-form, hasted, very quick
A: small, carnivore
a: no special abilities


You were in a bailey.
You were very full.
You were a tree.
You visited 1 branch of the dungeon, and saw 7 of its levels.
You also visited: Bailey.

You collected 487 gold pieces.

Inventory:

Hand Weapons
 a - a +3 dagger of venom (weapon)
 b - a +0 blowgun
 x - a +2 dagger of protection
Missiles
 e - 10 poisoned needles
 f - 2 curare-tipped needles
 q - 33 tomahawks of returning (quivered)
Armour
 c - a +0 robe (melded)
 d - a +1 cloak (melded)
 n - a +1 helmet (melded)
Jewellery
 o - a ring of protection from magic (left branch)
 r - an uncursed ring of ice
 s - an uncursed ring of resist corrosion
 C - a ring of stealth (right branch)
Wands
 y - a wand of enslavement (5)
Scrolls
 h - 3 scrolls of blinking
 j - 2 scrolls of remove curse
 k - a scroll of amnesia
 m - 2 scrolls of immolation
Potions
 i - 3 potions of brilliance
 l - 2 potions of agility
 p - a potion of magic
Comestibles
 g - 12 rations


   Skills:
 + Level 5.4 Fighting
 + Level 9.2 Short Blades
 + Level 4.1 Throwing
 + Level 1.1 Armour
 + Level 6.5 Dodging
 + Level 11.2 Stealth


You had 8 spell levels left.
You didn't know any spells.
Your spell library contained the following spells:

 Spells                   Type           Power        Failure   Level  Hunger
 Corona                   Hex            #......      32%         1    ##.....
 Ensorcelled Hibernation  Hex/Ice        #.....       45%         2    ###....
 Confuse                  Hex            #.......     69%         3    ####...
 Dazzling Spray           Conj/Hex       #.....       69%         3    ####...
 Tukima's Dance           Hex            #.......     69%         3    ####...


Dungeon Overview and Level Annotations

Branches:
Dungeon (7/15)             Temple (0/1) D:7

Altars:

Shops:
D:7 %


Innate Abilities, Weirdness & Mutations

You are small and have problems with some larger weapons.
You are carnivorous and can eat meat at any time.


Message History

The orc warlord looks as sick as possible!
The orc warlord is heavily wounded.
You cannot move.
You hit the orc warlord but do no damage.
The orc warlord looks as sick as possible!
The orc warlord is heavily wounded.
The orc warlord hits you with a +0 war axe!
* * * LOW HITPOINT WARNING * * *
Okay, then.
Evoke which item? (* to show all) (? for menu, Esc to quit)
Aiming: Enslavement
Press: ? - help, Shift-Dir - straight line, f/p - orc warlord
Aim: an orc warlord, wielding a +0 war axe and wearing a cursed +0 plate armour (heavily wounded, poisoned, chance to defeat MR: 15%)
The orc warlord resists with almost no effort.
You hit the orc warlord but do no damage.
The orc warlord is heavily wounded.
You completely miss the orc warlord.
The orc warlord is heavily wounded.
The orc warlord hits you with a +0 war axe.
You die...

♣.....['))...#g........g≈'...#
♣∩.∩...'[....#....∩....≈≈'...#
♣.....['.....#... .....≈o'...#
♣♣....)#)...##8.8 ..8.8o##(..#
♣....##....#≈?.o .....≈#.(..##
♣...##.....#≈:.. .≈#≈≈#(....#
♣≈≈##......##≈≈≈ g≈####......
♣≈≈#........#########).....8..
♣≈≈#..8..8...♣o[....')........
♣≈ #.........)#≈≈≈≈≈#.........
##.........#≈≈≈≈≈#...8..8..
##...8...##≈≈≈≈≈##.......#
##.....##.((((..##.....##
##...##.(.......##.!.## ####
♣♣♣...((♣♣♣##### ♣♣♣∩♣♣♣


You could see an orc warlord.

Vanquished Creatures
  An orc knight (Bailey)
  A spriggan (D:7)
  A water moccasin (D:6)
  2 orc warriors (Bailey)
  2 sky beasts (D:5)
  2 ogres
  2 centaurs
  A scorpion (D:3)
  4 killer bees (D:7)
  A howler monkey (D:4)
  2 crimson imps (D:5)
  A centaur zombie (D:5)
  2 jellies (D:5)
  2 orc priests
  A bullfrog skeleton (D:4)
  4 hounds
  Jessica (D:3)
  3 orc wizards
  2 iguanas
  3 worker ants
  Robin (D:2)
  9 gnolls
  6 adders
  A shadow imp (D:6)
  4 adder skeletons
  3 worms
  A dart slug (D:1)
  3 leopard geckos
  12 orcs
  8 bats
  5 giant cockroaches
  24 goblins
  13 hobgoblins
  2 jackals (D:3)
  2 quokkas (D:5)
  3 ball pythons
  8 frilled lizards
  32 kobolds
  2 leopard gecko skeletons
  A quokka zombie (D:6)
  5 rats
183 creatures vanquished.

Vanquished Creatures (others)
  4 toadstools (D:4)
4 creatures vanquished.

Grand Total: 187 creatures vanquished

Notes
Turn   | Place    | Note
-------+----------+-------------------------------------------
     0 | D:1      | Borgoz the Kobold Assassin began the quest for the Orb.
     0 | D:1      | Reached XP level 1. HP: 12/12 MP: 1/1
   188 | D:1      | Reached XP level 2. HP: 17/17 MP: 2/2
   294 | D:1      | Reached skill level 6 in Stealth
   451 | D:1      | Reached XP level 3. HP: 21/21 MP: 3/3
  1029 | D:2      | Noticed Robin
  1186 | D:2      | Reached XP level 4. HP: 24/27 MP: 4/4
  1558 | D:2      | Killed Robin
  2012 | D:3      | Reached XP level 5. HP: 12/31 MP: 5/5
  2346 | D:3      | Reached skill level 7 in Stealth
  2481 | D:3      | Noticed Jessica
  2483 | D:3      | Killed Jessica
  2824 | D:3      | Reached XP level 6. HP: 36/36 MP: 6/6
  3578 | D:5      | Entered Level 5 of the Dungeon
  3647 | D:5      | Reached skill level 5 in Short Blades
  3654 | D:5      | Reached skill level 8 in Stealth
  3654 | D:5      | Reached XP level 7. HP: 30/41 MP: 7/7
  4343 | D:5      | Reached XP level 8. HP: 37/48 MP: 8/8
  4419 | D:5      | Reached skill level 9 in Stealth
  5364 | D:6      | Reached skill level 10 in Stealth
  5364 | D:6      | Reached XP level 9. HP: 35/52 MP: 9/9
  5638 | D:7      | Found a staircase to the Ecumenical Temple.
  5665 | D:7      | Reached skill level 5 in Dodging
  5777 | D:7      | Found Sewamokh's Food Boutique.
  5978 | D:7      | Found a flagged portal.
  5986 | Bailey   | Entered a bailey
  6006 | Bailey   | Noticed an orc warlord
  6081 | Bailey   | Reached skill level 5 in Fighting
  6081 | Bailey   | Reached skill level 11 in Stealth
  6430 | Bailey   | Found a runed translucent gate.
  6434 | Bailey   | Found a runed translucent gate.
  6456 | Bailey   | Found a runed translucent gate.
  6463 | Bailey   | Noticed an orc knight
  6515 | Bailey   | Killed an orc knight
  6515 | Bailey   | Reached skill level 1 in Armour
  6908 | Bailey   | HP: 3/81 [orc warlord/+0 war axe (15)]
  6911 | Bailey   | Slain by an orc warlord

Skill      XL: |  1  2  3  4  5  6  7  8  9 |
---------------+----------------------------+-----
Stealth        | 6 7 8 10 11 | 11.2
Short Blades   | 3 4 5 6 8 9 |  9.2
Dodging        | 2 3 4 6 |  6.5
Throwing       | 3 4 |  4.1
Fighting       | 3 4 5 |  5.4
Armour         | 1 |  1.1

Action                   |  1- 3 |  4- 6 |  7- 9 || total
-------------------------+-------+-------+-------++-------
Melee: Dagger            |    89 |   248 |   427 ||   764
 Fire: Blowgun           |       |    20 |    30 ||    50
Throw: Tomahawk          |       |       |     1 ||     1
Evoke: Wand              |       |       |     1 ||     1
  Use: Scroll            |       |     4 |    19 ||    23
       Potion            |       |       |    10 ||    10
 Stab: Sleeping          |    13 |    14 |    13 ||    40
       Invisible         |       |       |     1 ||     1
  Eat: Chunk             |     9 |     8 |    10 ||    27
Armor: Robe              |    21 |    33 |    35 ||    89
       Skin              |       |       |     6 ||     6
Dodge: Dodged            |    43 |   125 |   264 ||   432
